 Dungeon Crawl Stone Soup version 0.31-a0-271-gb88eb75e06 (webtiles) character file.

Game seed: 5962665270560430972

3149460 TittyCrusher the Middleweight Champion (level 27, 240/240 HPs)
             Began as a Demonspawn Fighter on July 14, 2023.
             Was the Champion of Cheibriados.
             Escaped with the Orb
             ... and 5 runes on July 15, 2023!
             The game lasted 03:53:57 (71139 turns).

TittyCrusher the Middleweight Champion (DsFi)      Turns: 71139, Time: 03:53:58

Health: 240/240    AC: 13    Str: 39    XL:     27
Magic:  45/45      EV: 42    Int: 25    God:    Cheibriados [******]
Gold:   5869       SH:  4    Dex: 48    Spells: 33/42 levels left

rFire   + .          .
                       - Unarmed
rCold   + . .        c - melded +1 buckler "Zygeuzo" {rN+ SInv}
rNeg    + . .        s - +4 moon troll leather armour {Spirit, Regen++ MP+5}
rPois   .            (helmet unavailable)
rElec   +            j - +2 cloak "Mopeocku" {rN+ rCorr}
rCorr   +            n - melded +1 pair of gloves
SInv    +            (no boots)
Will    ++++.        A - amulet "Xog Uvuq" {rElec rF+ rC+ Regen+}
Stlth   ++           v - ring "Ylogg" {Will++ MP+9 Str-5 Dex+5 SInv}
HPRegen 3.00/turn    B - +6 ring of dexterity
MPRegen 0.58/turn

%: guardian spirit
@: blade hands, studying 2 skills, very slow
A: horns 3, thin skeletal structure 3, foul stench 3, magic shield, magic
regeneration, magic link, corrupting presence 2, word of chaos, hooves 1, large
bone plates 1, low MP 1, robust 1, strong 1, subdued magic 2, devolution 1
0: Orb of Zot
}: 5/15 runes: decaying, slimy, silver, abyssal, gossamer
a: Word of Chaos, Begin Untransformation, Renounce Religion, Bend Time, Temporal
Distortion, Slouch, Step From Time


You escaped.
You worshipped Cheibriados.
Cheibriados was exalted by your worship.
You had blades for hands.
You visited 12 branches of the dungeon, and saw 56 of its levels.
You visited the Abyss 1 time.
You also visited: Trove, Volcano and Wizlab.

You collected 9078 gold pieces.
You spent 3209 gold pieces at shops.

Inventory:

Missiles
 q - 5 throwing nets
Armour
 c - the +1 buckler "Zygeuzo" (melded) {rN+ SInv}
   (You bought it in a shop on level 4 of the Vaults)

   rN:        It protects you from negative energy.
   SInv:      It lets you see invisible.
 j - the +2 cloak "Mopeocku" (worn) {rN+ rCorr}
   (You found it on level 2 of the Crypt)

   rN:        It protects you from negative energy.
   rCorr:     It protects you from acid and corrosion.
 n - a +1 pair of gloves (melded)
 s - the +4 moon troll leather armour (worn) {Spirit, Regen++ MP+5}
   (You took it off a moon troll in a wizard's laboratory)

   MP:        It affects your magic capacity (+5).
   Regen:     It increases your rate of health regeneration.
Jewellery
 a - a +5 ring of evasion
 k - the ring of Doet {+Blink rPois rF- MP+9 Dex+5}
   (You acquired it on level 5 of the Realm of Zot)

   [ring of magical power]

   Dex:       It affects your dexterity (+5).
   rF:        It makes you vulnerable to fire.
   rPois:     It protects you from poison.
   MP:        It affects your magic capacity (+9).
   +Blink:    It lets you blink.
 r - the ring of Eternal Night {rF+ Int+2}
   (You found it on level 2 of the Realm of Zot)

   [ring of protection from fire]

   Int:       It affects your intelligence (+2).
   rF:        It protects you from fire.
 v - the ring "Ylogg" (left blade hand) {Will++ MP+9 Str-5 Dex+5 SInv}
   (You bought it in a shop on level 3 of the Depths)

   [ring of see invisible]

   Str:       It affects your strength (-5).
   Dex:       It affects your dexterity (+5).
   MP:        It affects your magic capacity (+9).
   SInv:      It lets you see invisible.
   Will:      It greatly increases your willpower.
 w - a ring of positive energy
 A - the amulet "Xog Uvuq" (around neck) {rElec rF+ rC+ Regen+}
   (You found it in a wizard's laboratory)

   [amulet of regeneration]

   rF:        It protects you from fire.
   rC:        It protects you from cold.
   rElec:     It insulates you from electricity.
   Regen:     It increases your rate of health regeneration.
 B - a +6 ring of dexterity (right blade hand)
 M - the ring "Muhiug" {Wiz rPois rC++ rCorr Str-5}
   (You found it on level 2 of the Realm of Zot)

   [ring of wizardry]

   It improves your spell success rate.
   Str:       It affects your strength (-5).
   rC:        It greatly protects you from cold.
   rPois:     It protects you from poison.
   rCorr:     It protects you from acid and corrosion.
 N - a ring of flight
 U - a ring of poison resistance
Talismans
 i - a dragon-blood talisman
 t - a maw talisman
 y - a blade talisman
 Q - a granite talisman
 V - a talisman of death
Wands
 g - a wand of roots (79)
 p - a wand of digging (54)
 z - a wand of polymorph (28)
 C - a wand of flame (71)
 E - a wand of paralysis (78)
 H - a wand of mindburst (48)
 Z - a wand of quicksilver (54)
Scrolls
 b - 11 scrolls of fog
 e - 7 scrolls of poison
 h - 21 scrolls of teleportation
 o - 2 scrolls of immolation
 J - 12 scrolls of fear
 K - 2 scrolls of blinking
 O - 4 scrolls of enchant weapon
 T - 5 scrolls of revelation
 Y - 6 scrolls of silence
Potions
 d - 23 potions of curing
 f - 5 potions of cancellation
 l - 5 potions of might
 m - 8 potions of ambrosia
 u - 7 potions of mutation
 x - a potion of invisibility
 D - 3 potions of berserk rage
 F - 6 potions of lignification
 G - 6 potions of attraction
 I - 6 potions of enlightenment
 L - 5 potions of magic
 P - 4 potions of resistance
 S - 6 potions of brilliance
 X - 8 potions of heal wounds
Miscellaneous
 W - a lightning rod (4/4)


   Skills:
 + Level 18.4 Fighting
 - Level 3.4 Maces & Flails
 - Level 10.5 Armour
 - Level 16.6 Dodging
 - Level 5.7 Shields
 O Level 27 Unarmed Combat
 - Level 8.1 Spellcasting
 - Level 10.1 Translocations
 - Level 7.1 Transmutations
 - Level 5.0 Ice Magic
 - Level 14.2 Invocations
 - Level 21.0 Shapeshifting


You had 33 spell levels left.
You knew the following spells:

 Your Spells              Type           Power      Damage    Failure   Level
a - Frozen Ramparts       Ice            44%        1d7       17%         3
b - Lesser Beckoning      Tloc           74%        N/A       4%          2
c - Blink                 Tloc           74%        N/A       4%          2
d - Wereblood             Tmut           28%        N/A       8%          2

Your spell library contained the following spells:

 Spells                   Type           Power      Damage    Failure   Level
 Apportation              Tloc           74%        N/A       4%          1
 Gell's Gravitas          Tloc           37%        N/A       6%          3
 Teleport Other           Tloc           37%        N/A       6%          3
 Freeze                   Ice            88%        1d9       10%         1
 Manifold Assault         Tloc           37%        N/A       11%         4
 Passage of Golubria      Tloc           37%        N/A       11%         4
 Momentum Strike          Conj/Tloc      44%        3d9       12%         2
 Sting                    Tmut/Pois      68%        1d6       13%         1
 Passwall                 Tmut/Erth      14%        N/A       16%         2
 Portal Projectile        Hex/Tloc       44%        N/A       16%         3
 Vhi's Electric Charge    Tloc/Air       44%        N/A       16%         3
 Volatile Blastmotes      Fire/Tloc      44%        2d13      16%         3
 Ensorcelled Hibernation  Hex/Ice        28%        N/A       21%         2
 Foxfire                  Conj/Fire      24%        2x1d5     28%         1
 Kiss of Death            Conj/Necr      24%        2d7       28%         1
 Magic Dart               Conj           24%        1d4       28%         1
 Necrotise                Necr           24%        1d5       28%         1
 Sandblast                Erth           12%        2d6       28%         1
 Shock                    Conj/Air       24%        1d4       28%         1
 Slow                     Hex            24%        N/A       28%         1
 Summon Small Mammal      Summ           24%        N/A       28%         1
 Hailstorm                Conj/Ice       14%        3d5       30%         3
 Ignite Poison            Fire/Tmut/Pois 13%        N/A       30%         3
 Iskenderun's Mystic Bla  Conj/Tloc      22%        2d6       32%         4
 Call Imp                 Summ           12%        N/A       36%         2
 Cigotuvi's Dreadful Rot  Necr/Pois/Air  12%        N/A       36%         2
 Poisonous Vapours        Pois/Air       12%        N/A       36%         2
 Scorch                   Fire           12%        2d5       36%         2
 Searing Ray              Conj           12%        2d4       36%         2
 Static Discharge         Conj/Air       12%        2-3/arc   36%         2
 Sublimation of Blood     Necr           6%         N/A       36%         2
 Call Canine Familiar     Summ           6%         N/A       52%         3
 Confusing Touch          Hex            6%         N/A       52%         3
 Dazzling Flash           Conj/Hex       12%        N/A       52%         3
 Inner Flame              Hex/Fire       6%         N/A       52%         3
 Mephitic Cloud           Conj/Pois/Air  6%         N/A       52%         3
 Stone Arrow              Conj/Erth      12%        3d7       52%         3
 Summon Guardian Golem    Hex/Summ       6%         N/A       52%         3
 Swiftness                Air            6%         N/A       52%         3
 Tukima's Dance           Hex            6%         N/A       52%         3
 Vampiric Draining        Necr           6%         2d6       52%         3
 Summon Ice Beast         Ice/Summ       14%        N/A       56%         4
 Summon Forest            Summ/Tloc      11%        N/A       56%         5
 Irradiate                Conj/Tmut      8%         3d14      73%         5
 Yara's Violent Unravell  Hex/Tmut       8%         3d5       73%         5
 Airstrike                Air            3%         2d(1-17)  85%         4
 Animate Armour           Summ/Erth      12%        N/A       85%         4
 Animate Dead             Necr           6%         N/A       85%         4
 Cause Fear               Hex            3%         N/A       85%         4
 Dispel Undead            Necr           6%         3d8       85%         4
 Flame Wave               Conj/Fire      6%         2d5       85%         4
 Fulminant Prism          Conj/Hex       3%         3d5       85%         4
 Leda's Liquefaction      Hex/Erth       3%         N/A       85%         4
 Olgreb's Toxic Radiance  Pois           6%         N/A       85%         4
 Sticky Flame             Conj/Fire      6%         2d3       85%         4
 Summon Lightning Spire   Summ/Air       6%         N/A       85%         4
 Metabolic Englaciation   Hex/Ice        7%         N/A       85%         5
 Freezing Cloud           Conj/Ice/Air   5%         6-21      90%         5
 Agony                    Necr           6%         N/A       98%         5
 Arcjolt                  Conj/Air       3%         1d13      98%         5
 Borgnjor's Vile Clutch   Necr/Erth      3%         N/A       98%         5
 Fireball                 Conj/Fire      3%         3d4       98%         5
 Iskenderun's Battlesphe  Conj           6%         2d6       98%         5
 Lee's Rapid Deconstruct  Erth           3%         3d5*      98%         5
 Silence                  Hex/Air        3%         N/A       98%         5
 Summon Mana Viper        Hex/Summ       6%         N/A       98%         5
 Eringya's Noxious Bog    Tmut/Pois      8%         4d6       99%         6
 Death Channel            Necr           3%         N/A       100%        6
 Leda's Unmaking          Conj/Erth      3%         9d1       100%        6
 Plasma Beam              Fire/Air       3%         2x1d13    100%        6
 Simulacrum               Ice/Necr       7%         N/A       100%        6
 Summon Cactus Giant      Summ           3%         N/A       100%        6
 Enfeeble                 Hex            3%         N/A       100%        7
 Haunt                    Necr/Summ      3%         N/A       100%        7
 Monstrous Menagerie      Summ           3%         N/A       100%        7
 Orb of Destruction       Conj           3%         9d5       100%        7
 Ozocubu's Refrigeration  Ice            11%        4d9       100%        7
 Spellforged Servitor     Conj/Summ      3%         N/A       100%        7
 Summon Hydra             Summ           3%         N/A       100%        7
 Discord                  Hex            3%         N/A       100%        8
 Disjunction              Tloc           18%        N/A       100%        8
 Ignition                 Fire           3%         3d4       100%        8
 Infestation              Necr           3%         N/A       100%        8
 Lehudib's Crystal Spear  Conj/Erth      3%         10d2      100%        8
 Dragon's Call            Summ           3%         N/A       100%        9
 Polar Vortex             Ice            11%        12d1*     100%        9


Dungeon Overview and Level Annotations

Branches:
Dungeon (15/15)            Temple (1/1) D:6            Lair (5/5) D:11
  Swamp (4/4) Lair:2       Spider (4/4) Lair:2        Slime (5/5) Lair:4
    Orc (2/2) D:9             Elf (3/3) Orc:2        Vaults (5/5) D:13
  Crypt (3/3) Vaults:2       Tomb (0/3) Crypt:3      Depths (4/4) D:15
    Zot (5/5) Depths:4    Volcano (visited)          WizLab (visited)

Altars:
Ashenzari
Cheibriados
Dithmenos
Fedhas
Gozag
Hepliaklqana
Kikubaaqudgha
Makhleb
Nemelex Xobeh
Okawaru
Qazlal
Ru
Sif Muna
Trog
Uskayaw
Vehumet
Wu Jian
Xom
Yredelemnul
Jiyva
Lugonu

Shops:
D:9 (   Orc:1 [   Orc:2 [?!   Elf:3 !   Vaults:4 [   Depths:3 ?=:=

Portals:
Hell: Depths:1 Depths:2 Depths:3 Depths:4
Abyss: Lair:5 Depths:3
Pandemonium: Depths:1 Depths:2
Ziggurat: Depths:3

Annotations:
Slime:3 exclusion: upstairs
Zot:5 2 transporters, Shard1697's ghost, veteran MeBe


Innate Abilities, Weirdness & Mutations

You have blades for hands.
Your spellcasting is less reliable in this form.
You are incapable of wielding weapons or throwing items.
You have a pair of large horns on your head.
You have an unnaturally thin skeletal structure. (Dex +6, Stealth+++)
You frequently emit foul miasma when damaged in melee.
When hurt, damage is shared between your health and your magic reserves.
You regenerate magic rapidly.
When low on magic, you restore magic in place of health.
Your presence sometimes corrodes or deforms those you injure.
You can speak a Word of Chaos.
You have large cloven feet.
You are partially covered in large bone plates. (SH +4)
Your magical capacity is low. (-10% MP)
You are robust. (+10% HP)
Your muscles are strong. (Str +4, Int/Dex -1)
Your spells are easier to cast, but less powerful.
You have hidden genetic defects.


Message History

You headbutt the Hell Sentinel!
The Hell Sentinel is severely wounded.
You shred the Hell Sentinel!!!!
You kill the Hell Sentinel!
Cheibriados appreciates the change of pace.
There is a stone staircase leading up here.
You climb upwards.
There is a stone staircase leading down here.
You see here a +0 dagger.
An Orb Guardian comes into view.
You catch the helpless Orb Guardian completely off-guard!
You shred the Orb Guardian!!!!
You kick the Orb Guardian, but do no damage.
The Orb Guardian is almost dead.
You barely miss the Orb Guardian. Your kick misses the Orb Guardian.
Your headbutt misses the Orb Guardian. Your slash misses the Orb Guardian.
The Orb Guardian is almost dead.
The Orb Guardian completely misses you.
You slash the Orb Guardian!
You kill the Orb Guardian!
Cheibriados thoroughly appreciates the change of pace.
An Ice Fiend comes into view.
The Ice Fiend calls on the powers of darkness!
Your body is wracked with pain!
A ynoxinul comes into view.
There is a stone staircase leading up here.
The Ice Fiend calls on the powers of darkness!
Your body is wracked with pain!
You climb upwards.
There is a stone staircase leading down here.
Magic restored.
There is a stone staircase leading up here.
You climb upwards.
There is a stone staircase leading down here.
HP restored.
There is an open door here.
There is an open door here.
There is an open gate here.
There is a staircase leading out of the dungeon here.
You have escaped!

###### #.# #....'......... ♣♣♣
♣♣♣♣♣ #.# ###.##.........
#############'# #.###########
..............# #.##########.
..............# #.#..........
..##......##..# #...#######.#
..##......##..####♣♣##..# ###..#
..............'..#.♣ #..# #...##
..............'.@#.♣ #..# #.###
..............'..#.♣ #..# ##.#
..##......##..####♣♣##..###..####
..##......##..#..####............
..............#....)...#.........
..............#...###............
############..#..................
♣♣♣ .♣ ♣♣ #⌠⌠#.#####..##########
####♣♣♣########........#


There were no monsters in sight!

Vanquished Creatures
  the Royal Jelly (Slime:5)
  3 dread liches (Zot:5)
  3 ancient liches
  4 orbs of fire (Zot:5)
  Josephina (Crypt:1)
  4 royal mummies
  Boris (Depths:3)
  4 Killer Klowns
  The ghost of Shard1697 the Worldbinder, a veteran DrSu of Sif Muna (Zot:4)
  Margery (Crypt:3)
  4 curse toes
  The ghost of Ziugimmo the Tortoise, a veteran AtMo of Elyvilon (Vaults:2)
  The ghost of Omoexics the Ruinous, a veteran DsGl of Vehumet (Crypt:2)
  3 profane servitors
  8 golden dragons
  The ghost of Pimiptod the Executioner, an adept MiFi of the Shining One (Crypt:2)
  A bone dragon (Abyss:3)
  The ghost of Gacleu the Warrior, an adept GrFi of Cheibriados (Crypt:2)
  5 electric golems
  A Hell Sentinel (D:4)
  A Brimstone Fiend (Depths:4)
  The ghost of Iniera the Spry, an adept KoMo of Qazlal (Vaults:2)
  4 liches (Depths:3)
  3 deep elf blademasters
  A moon troll (WizLab)
  27 tentacled monstrosities
  30 Orb Guardians
  2 deep elf master archers (Elf:3)
  14 quicksilver dragons
  6 titans
  An eldritch tentacle (Zot:4)
  The ghost of Iluymox the Imperceptible, an adept KoBr of Hepliaklqana (Vaults:2)
  2 Executioners
  8 death cobs
  17 acid blobs
  8 ancient champions
  The ghost of Pileu the Eclecticist, an adept DsFE of Sif Muna (Vaults:2)
  11 tentacled starspawn
  5 tengu reavers
  5 sphinxes
  9 shadow dragons
  6 draconian monks
  4 revenants
  23 storm dragons
  9 draconian knights
  A fenstrider witch (Swamp:4)
  7 frost giants
  6 azure jellies
  19 vault wardens
  5 rockslimes
  Louise (Swamp:1)
  7 fire giants
  5 deep elf sorcerers
  3 draconian scorchers
  A caustic shrike zombie (Crypt:3)
  7 emperor scorpions (Spider:4)
  7 deep elf elementalists (Elf:3)
  6 draconian shifters
  An orc warlord (Vaults:1)
  5 ghost moths
  4 formless jellyfish
  A reaper (Crypt:3)
  A broodmother (Spider:1)
  A curse skull (Crypt:1)
  8 draconian annihilators
  8 cacodemons
  9 draconian stormcallers
  13 ironbound preservers
  4 quicksilver oozes
  A caustic shrike skeleton (Crypt:3)
  5 ghouls
  25 stone giants
  26 very ugly things
  8 war gargoyles
  12 deep elf demonologists
  3 eleionomae
  4 vampire knights
  A lorocyproca (Depths:1)
  18 yellow draconians
  8 ironbound thunderhulks
  8 green draconians
  13 black draconians
  8 bunyips
  22 purple draconians
  9 red draconians
  10 deep elf annihilators
  7 dire elephants
  8 white draconians
  11 spark wasps
  Snorg (Lair:5)
  13 deep elf death magi
  6 statues (Depths:3)
  3 blizzard demons
  A spriggan zombie (Crypt:3)
  2 mummy priests (Crypt:1)
  18 ettins
  3 eidola
  2 crystal guardians
  A green death (Abyss:1)
  2 merfolk impalers (Depths:4)
  A shambling mangrove (Swamp:4)
  11 fire dragons
  14 yaktaur captains
  6 deep elf high priests
  3 entropy weavers
  14 great orbs of eyes
  13 jiangshi
  Harold (Orc:1)
  An ice dragon (Depths:4)
  4 salamander tyrants (Depths:3)
  32 vault guards
  Fannar (Orc:2)
  5 rakshasas
  9 spriggan air magi
  4 death knights
  5 peacekeepers
  A spriggan skeleton (Crypt:2)
  2 catoblepae
  An ogre mage (Vaults:5)
  2 radroaches
  5 ghost crabs
  3 jorogumos
  4 two-headed ogres
  20 hydras
  9 boulder beetles
  8 alligators
  30 dancing weapons
  7 deep troll shamans
  3 ironbound frosthearts
  8 death yaks
  12 tengu warriors
  17 centaur warriors
  5 deep troll earth magi
  A hell hog (Abyss:5)
  9 vampire magi
  8 thrashing horrors
  A sun demon (D:8)
  9 demonic crawlers
  2 storm dragon zombies
  6 spriggan berserkers
  3 orc high priests (Orc:2)
  2 soul eaters (Crypt:3)
  13 deep elf knights
  2 wretched stars (Abyss:5)
  6 hell knights
  2 shadow wraiths (Crypt:2)
  2 skysharks
  A skyshark (shapeshifter) (Vaults:5)
  4 fire crabs
  A titan skeleton (Crypt:3)
  3 sixfirhies
  A bunyip zombie (Crypt:1)
  6 iron trolls
  44 deep trolls
  5 pharaoh ants
  28 skeletal warriors
  A death drake (Swamp:3)
  6 goliath frogs
  6 spriggan druids
  3 orange crystal statues
  8 orb spiders
  7 flayed ghosts
  5 bog bodies
  16 glowing orange brains
  4 shadow demons
  8 swamp dragons
  An orb spider (shapeshifter) (Abyss:1)
  A spriggan simulacrum (Crypt:1)
  3 deep elf archers
  9 wizards
  4 orc knights (Orc:2)
  21 ironbound convokers
  9 steelbarb worms
  16 lindwurms
  9 phantasmal warriors
  17 starcursed masses
  31 deep elf pyromancers
  24 deep elf zephyrmancers
  A tengu skeleton (Vaults:2)
  An oklob plant (Lair:4)
  A wolf spider (shapeshifter) (Depths:1)
  18 wolf spiders
  5 necromancers
  10 orc sorcerers
  5 will-o-the-wisps
  38 moths of wrath
  3 cyclopes
  7 shining eyes
  33 elephants
  44 ugly things
  2 manticores
  3 human skeletons (Vaults:2)
  16 vault sentinels
  A water nymph (shapeshifter) (Elf:1)
  A naga mage (D:15)
  2 rust devils
  A stone giant skeleton (Vaults:2)
  2 centaur zombies (Crypt:1)
  13 black mambas
  A naga zombie (Crypt:2)
  3 eyes of devastation (WizLab)
  An emperor scorpion simulacrum (Crypt:1)
  A dire elephant zombie (Crypt:2)
  4 apocalypse crabs (Swamp:2)
  Joseph (Lair:1)
  Maurice (Orc:1)
  An orange demon (Depths:1)
  A water nymph (Spider:4)
  17 cane toads
  2 molten gargoyles (Lair:5)
  5 smoke demons
  7 torpor snails
  3 gargoyles
  4 unseen horrors
  4 centaur skeletons
  A pale draconian zombie (Crypt:3)
  An unseen horror (shapeshifter) (D:13)
  A bunyip simulacrum (Crypt:1)
  An elf skeleton (Vaults:2)
  4 kobold demonologists
  5 rime drakes
  37 yaktaurs
  A tormentor (Abyss:5)
  3 efreet
  A green draconian skeleton (Crypt:1)
  7 freezing wraiths
  10 komodo dragons
  7 tengu conjurers
  A purple draconian skeleton (Crypt:3)
  3 yaktaur skeletons (Vaults:2)
  An ancient zyme (Abyss:5)
  8 guardian mummies
  A death yak skeleton (Crypt:2)
  A queen bee (shapeshifter) (Abyss:1)
  A hydra zombie (Crypt:2)
  6 trolls
  A mana viper skeleton (Crypt:3)
  A hornet (shapeshifter) (Vaults:5)
  6 meliai
  14 tarantellas
  A black draconian skeleton (Crypt:1)
  4 polar bears
  A raiju (shapeshifter) (Abyss:1)
  11 blink frogs
  37 large abominations
  A harpy skeleton (Crypt:2)
  7 hornets
  6 raiju (Abyss:5)
  12 tyrant leeches
  2 hellwings
  A guardian serpent zombie (Crypt:2)
  A radroach zombie (Crypt:3)
  8 small abominations (Abyss:5)
  5 dream sheep (Lair:3)
  An ettin zombie (Crypt:3)
  51 slime creatures
  A shadow (D:11)
  24 jumping spiders
  A centaur simulacrum (D:15)
  A spriggan (shapeshifter) (Vaults:5)
  9 spriggans
  Sigmund (D:4)
  8 flying skulls
  6 wyverns
  5 air elementals
  4 vampires
  20 culicivoras
  An ettin skeleton (Crypt:1)
  9 water elementals (Depths:4)
  9 wraiths
  2 ynoxinuls
  A dire elephant simulacrum (Crypt:1)
  Grum (D:9)
  A yak (shapeshifter) (D:15)
  A black mamba skeleton (Crypt:2)
  5 basilisks
  11 fire elementals
  2 neqoxecs (Depths:2)
  52 yaks
  3 fire bats (Depths:3)
  15 golden eyes
  2 redbacks (shapeshifter)
  55 redbacks
  Menkaure (D:7)
  2 chaos spawn
  9 steam dragons
  4 wargs (Orc:2)
  18 vampire mosquitoes
  A deep troll zombie (Crypt:2)
  6 spatial vortices (Abyss:2)
  10 swamp worms
  10 hell hounds
  2 acid dragons
  A demonspawn zombie (Crypt:1)
  5 floating eyes
  An ogre skeleton (Vaults:2)
  23 water moccasins
  14 orc warriors
  A black bear (D:4)
  9 ice beasts
  7 swamp drakes (Swamp:4)
  A sky beast (D:8)
  19 wolves
  2 boggarts (Depths:3)
  3 ogres (Orc:1)
  9 centaurs
  A manticore skeleton (Crypt:2)
  4 kobold brigands
  A phantom (D:4)
  16 bullfrogs
  A gnoll sergeant (D:8)
  2 necrophages
  A scorpion (D:4)
  2 earth elementals
  A water moccasin skeleton (Crypt:3)
  A polar bear zombie (Crypt:1)
  A yak zombie (Crypt:1)
  A swamp dragon simulacrum (Crypt:1)
  3 killer bees (D:9)
  An electric eel (D:7)
  2 vampire bats (D:10)
  A raiju skeleton (Crypt:1)
  A howler monkey (D:6)
  5 lava snakes (Lair:5)
  A quasit (Abyss:1)
  A human zombie (Crypt:1)
  3 hounds
  3 gnoll boudas
  A hound (shapeshifter) (Vaults:5)
  12 orc priests
  4 sleepcaps
  3 iguanas
  18 orc wizards
  6 hell rats (Lair:3)
  A boggart skeleton (Crypt:3)
  A deep dwarf zombie (Crypt:1)
  An ogre zombie (Crypt:2)
  A sky beast zombie (Crypt:3)
  16 mummies
  Robin (D:3)
  21 gnolls
  A howler monkey zombie (Crypt:3)
  10 adders
  2 white imps (D:7)
  A lava snake skeleton (Crypt:1)
  2 worms
  A dart slug (D:2)
  54 orcs
  10 ball pythons
  10 bats
  9 endoplasms
  3 giant cockroaches
  18 goblins
  14 hobgoblins
  13 jackals (D:1)
  6 quokkas
  A dart slug zombie (Crypt:2)
  5 frilled lizards
  A hobgoblin zombie (D:8)
  A jackal zombie (Crypt:3)
  14 kobolds
  A kobold zombie (D:8)
  2 orc zombies (D:8)
  7 rats
  2 foxfires (Swamp:2)
  A lurking horror (Lair:5)
  4 starspawn tentacles (WizLab)
2541 creatures vanquished.

Vanquished Creatures (collateral kills)
  A formless jellyfish (Slime:5)
1 creature vanquished.

Vanquished Creatures (others)
  A draconian knight (Zot:4)
  A vampire knight (Depths:2)
  A deep elf demonologist (Vaults:5)
  A spriggan druid (Swamp:2)
  A deep troll (Depths:2)
  A deep elf pyromancer (Volcano)
  5 bloated husks
  A hornet (Swamp:4)
  A jumping spider (Spider:2)
  A spriggan (Swamp:4)
  A steam dragon (Swamp:4)
  A swamp drake (Swamp:4)
  An adder (D:6)
  16 foxfires
  A lurking horror (Abyss:5)
  30 starspawn tentacles
64 creatures vanquished.

Grand Total: 2606 creatures vanquished

Notes
Turn   | Place    | Note
-------+----------+-------------------------------------------
     0 | D:1      | TittyCrusher the Demonspawn Fighter began the quest for the
                  | Orb.
     0 | D:1      | Reached XP level 1. HP: 18/18 MP: 1/1
    84 | D:1      | Gained mutation: You have a somewhat thin skeletal
                  | structure. (Dex +2, Stealth+) [demonic ancestry]
    84 | D:1      | Reached XP level 2. HP: 24/24 MP: 2/2
   295 | D:1      | Reached XP level 3. HP: 24/29 MP: 3/3
   953 | D:2      | Reached skill level 1 in Unarmed Combat
  1196 | D:2      | Gained mutation: You may rarely emit foul miasma when
                  | damaged in melee. [demonic ancestry]
  1196 | D:2      | Reached XP level 4. HP: 35/35 MP: 4/4
  1301 | D:2      | Reached skill level 2 in Unarmed Combat
  1621 | D:3      | Noticed an ice beast
  1634 | D:3      | Killed an ice beast
  1635 | D:3      | Reached skill level 3 in Unarmed Combat
  1635 | D:3      | Gained mutation: You have a moderately thin skeletal
                  | structure. (Dex +4, Stealth++) [demonic ancestry]
  1635 | D:3      | Reached XP level 5. HP: 41/41 MP: 5/5
  2438 | D:4      | Noticed Robin
  2482 | D:3      | Killed Robin
  2483 | D:3      | Reached skill level 1 in Shapeshifting
  2593 | D:4      | Reached XP level 6. HP: 46/47 MP: 6/6
  3046 | D:4      | Noticed Sigmund
  3330 | D:5      | Entered Level 5 of the Dungeon
  3450 | D:5      | Gained mutation: Your muscles are strong. (Str +4, Int/Dex
                  | -1) [potion of mutation]
  3450 | D:5      | Gained mutation: You have large cloven feet. [potion of
                  | mutation]
  3450 | D:5      | Gained mutation: You are robust. (+10% HP) [potion of
                  | mutation]
  3450 | D:5      | Gained mutation: You are partially covered in large bone
                  | plates. (SH +4) [potion of mutation]
  3469 | D:4      | Gained mutation: You have a pair of small horns on your
                  | head. [demonic ancestry]
  3469 | D:4      | Reached XP level 7. HP: 49/57 MP: 7/7
  3475 | D:4      | Killed Sigmund
  3804 | D:5      | Found a broken altar of Ashenzari.
  4049 | D:5      | Noticed a kobold demonologist
  4059 | D:5      | Noticed an ice devil
  4059 | D:5      | Killed a kobold demonologist
  4060 | D:5      | Reached skill level 5 in Shapeshifting
  4060 | D:5      | Reached XP level 8. HP: 63/63 MP: 8/8
  4453 | D:6      | Found a staircase to the Ecumenical Temple.
  4479 | Temple   | Entered the Ecumenical Temple
  4539 | Temple   | Became a worshipper of Cheibriados the Contemplative
  5642 | D:6      | Reached * piety under Cheibriados
  5744 | D:7      | Noticed Menkaure
  5758 | D:7      | Killed Menkaure
  5884 | D:7      | Reached XP level 9. HP: 49/69 MP: 9/9
  6167 | D:7      | Identified the +0 leather armour "Racke" {rElec Str+3 Int-4
                  | Dex+5 Stlth+}
  6220 | D:7      | Found a hazy altar of Hepliaklqana.
  6750 | D:7      | Reached ** piety under Cheibriados
  7743 | D:8      | Reached skill level 10 in Shapeshifting
  7743 | D:8      | Reached *** piety under Cheibriados
  7744 | D:8      | Reached skill level 4 in Unarmed Combat
  8239 | D:8      | Gained mutation: You regenerate magic rapidly. [demonic
                  | ancestry]
  8239 | D:8      | Reached XP level 10. HP: 77/77 MP: 10/10
  8327 | D:8      | Learned a level 3 spell: Frozen Ramparts
  8342 | D:9      | Reached skill level 1 in Ice Magic
  8689 | D:9      | Reached skill level 5 in Ice Magic
  8720 | D:9      | Found a staircase to the Orcish Mines.
  8847 | D:9      | Reached skill level 5 in Unarmed Combat
  8936 | D:9      | Found Umyen's Antique Weapon Shop.
  8947 | D:9      | Noticed a two-headed ogre
  8964 | D:9      | Killed a two-headed ogre
  8965 | D:9      | Reached skill level 6 in Unarmed Combat
  9171 | D:9      | Noticed Grum
  9196 | D:9      | Killed Grum
  9380 | D:10     | Entered Level 10 of the Dungeon
  9403 | D:10     | Noticed a two-headed ogre
  9415 | D:10     | Killed a two-headed ogre
  9416 | D:10     | Reached skill level 7 in Unarmed Combat
  9585 | D:10     | Reached **** piety under Cheibriados
  9766 | D:10     | Reached skill level 8 in Unarmed Combat
  9766 | D:10     | Gained mutation: You sometimes emit foul miasma when
                  | damaged in melee. [demonic ancestry]
  9766 | D:10     | Reached XP level 11. HP: 76/82 MP: 11/11
 10025 | D:10     | Reached skill level 9 in Unarmed Combat
 10205 | D:10     | Reached ***** piety under Cheibriados
 10423 | D:10     | Upgraded the game from 0.31-a0-263-ge8cad7f256 to
                  | 0.31-a0-271-gb88eb75e06
 10484 | D:11     | Reached skill level 1 in Invocations
 10784 | D:11     | Reached skill level 5 in Invocations
 10800 | D:11     | Noticed a two-headed ogre
 10800 | D:11     | Noticed a boulder beetle
 10810 | D:11     | Killed a two-headed ogre
 10816 | D:11     | Killed a boulder beetle
 10865 | D:11     | Found a staircase to the Lair.
 10907 | D:11     | Reached skill level 1 in Dodging
 11057 | D:11     | Noticed a boulder beetle
 11066 | D:11     | Killed a boulder beetle
 11334 | Lair:1   | Entered Level 1 of the Lair of Beasts
 11358 | Lair:1   | Gained mutation: You frequently emit foul miasma when
                  | damaged in melee. [demonic ancestry]
 11358 | Lair:1   | Reached XP level 12. HP: 89/89 MP: 19/19
 11389 | Lair:1   | Noticed Joseph
 11405 | Lair:1   | Killed Joseph
 11467 | Lair:1   | Found a dark tunnel.
 11472 | Volcano  | Entered a volcano
 11536 | Volcano  | Reached skill level 5 in Dodging
 11881 | Volcano  | Identified the +3 ring mail of Life {Will+ SInv}
 13314 | Lair:2   | Reached skill level 5 in Fighting
 13472 | Lair:2   | Gained mutation: You have a pair of horns on your head.
                  | [demonic ancestry]
 13472 | Lair:2   | Reached XP level 13. HP: 102/102 MP: 20/20
 13990 | Lair:2   | Found a staircase to the Swamp.
 14236 | Lair:2   | Reached ****** piety under Cheibriados
 14311 | Lair:2   | Found a hole to the Spider Nest.
 14584 | Lair:3   | Reached skill level 10 in Fighting
 14793 | Lair:3   | Reached skill level 10 in Unarmed Combat
 15491 | Lair:3   | Reached skill level 11 in Unarmed Combat
 15798 | Lair:4   | Reached XP level 14. HP: 113/121 MP: 21/21
 15808 | Lair:4   | Reached skill level 12 in Unarmed Combat
 16295 | Lair:4   | Identified the +4 scale mail "Ceolaezih" {Rampage *Slow
                  | rPois rCorr}
 16677 | Lair:4   | Found a staircase to the Slime Pits.
 16874 | Lair:4   | Reached skill level 13 in Unarmed Combat
 16904 | Lair:5   | Entered Level 5 of the Lair of Beasts
 17411 | Lair:5   | Reached skill level 14 in Unarmed Combat
 17672 | Lair:5   | Found a one-way gate to the infinite horrors of the Abyss.
 17677 | Lair:5   | Found a corrupted altar of Lugonu.
 17685 | Lair:5   | Noticed Nessos
 17692 | Lair:5   | Nessos changed into Nessos the water moccasin
 17692 | Lair:5   | Noticed Nessos
 17697 | Lair:5   | Killed Nessos the water moccasin
 18067 | Lair:5   | Noticed Snorg
 18074 | Lair:5   | Killed Snorg
 18398 | Lair:5   | Reached skill level 15 in Unarmed Combat
 19664 | Lair:5   | Found a large runed translucent door.
 19665 | Lair:5   | Found a large runed translucent door.
 20289 | D:12     | Gained mutation: Your presence sometimes corrodes those you
                  | injure. [demonic ancestry]
 20289 | D:12     | Reached XP level 15. HP: 126/126 MP: 22/22
 20906 | D:13     | Reached skill level 16 in Unarmed Combat
 21138 | D:13     | Found a hide-covered altar of Uskayaw.
 21338 | D:13     | Identified the +3 falchion of a sewer {venom, rPois rC+}
 21368 | D:13     | Found a gate to the Vaults.
 22526 | D:14     | Reached skill level 10 in Invocations
 22742 | D:14     | Found a portal to a secret trove of treasure.
 23054 | D:14     | Found a shadowy altar of Dithmenos.
 23307 | Orc:1    | Entered Level 1 of the Orcish Mines
 23511 | Orc:2    | Entered Level 2 of the Orcish Mines
 23639 | Orc:2    | Found a staircase to the Elven Halls.
 23858 | Orc:2    | Found Qaevvaup's Distillery.
 24114 | Orc:2    | Found Uxzim's Magic Scroll Emporium.
 24120 | Orc:2    | Found Lyerou's Armour Emporium.
 24122 | Orc:2    | Found Pizov's Antique Armour Shop.
 24291 | Orc:1    | Noticed Fannar
 24306 | Orc:2    | Killed Fannar
 24565 | Orc:1    | Found Unlita's Antique Armour Emporium.
 24582 | Orc:1    | Noticed Harold
 24587 | Orc:1    | Noticed Maurice
 24590 | Orc:1    | Killed Harold
 24599 | Orc:1    | Killed Maurice
 24706 | Orc:1    | Bought a spiked ring mail for 189 gold pieces
 24706 | Orc:1    | Identified the +2 ring mail of Gagadura {Harm *Corrode
                  | Int+4} (You bought it in a shop on level 1 of the Orcish
                  | Mines)
 24706 | Orc:1    | Bought a glowing scale mail for 147 gold pieces
 24758 | Orc:2    | Bought a scroll of identify for 36 gold pieces
 24758 | Orc:2    | Bought a scroll of identify for 36 gold pieces
 24762 | Orc:2    | Bought a potion of berserk rage for 65 gold pieces
 24762 | Orc:2    | Bought a potion of heal wounds for 65 gold pieces
 24762 | Orc:2    | Bought a potion of curing for 39 gold pieces
 24768 | Orc:2    | Bought a scroll of fog for 72 gold pieces
 24902 | D:15     | Entered Level 15 of the Dungeon
 25301 | D:15     | Reached skill level 10 in Dodging
 25324 | D:15     | Found a staircase to the Depths.
 25842 | D:15     | Gained mutation: When hurt, damage is shared between your
                  | health and your magic reserves. [demonic ancestry]
 25842 | D:15     | Reached XP level 16. HP: 104/134 MP: 26/26
 26233 | Spider:1 | Entered Level 1 of the Spider Nest
 29487 | Spider:4 | Entered Level 4 of the Spider Nest
 30238 | Spider:4 | Reached skill level 15 in Dodging
 30345 | Spider:4 | Gained mutation: You have an unnaturally thin skeletal
                  | structure. (Dex +6, Stealth+++) [demonic ancestry]
 30345 | Spider:4 | Reached XP level 17. HP: 134/140 MP: 27/27
 30511 | Spider:4 | Reached skill level 17 in Unarmed Combat
 31249 | Spider:4 | Got a gossamer rune of Zot
 31498 | Swamp:1  | Entered Level 1 of the Swamp
 32004 | Swamp:1  | Reached skill level 18 in Unarmed Combat
 32004 | Swamp:1  | Noticed Louise
 32488 | Swamp:1  | Killed Louise
 33451 | Swamp:2  | Reached skill level 5 in Armour
 33750 | Swamp:2  | Found a runed translucent door.
 34763 | Swamp:3  | Got the Incunabulum of the Assembled Caves
 35116 | Swamp:4  | Entered Level 4 of the Swamp
 35125 | Swamp:4  | Reached XP level 18. HP: 98/147 MP: 22/28
 35620 | Swamp:4  | Reached skill level 10 in Armour
 36173 | Swamp:4  | Got a decaying rune of Zot
 36414 | Elf:1    | Entered Level 1 of the Elven Halls
 36549 | Elf:1    | Paralysed by an air elemental for 1 turns
 37866 | Elf:2    | Found a runed translucent gate.
 37867 | Elf:2    | Found a runed translucent gate.
 37871 | Elf:2    | Found a runed translucent gate.
 38420 | Elf:3    | Entered Level 3 of the Elven Halls
 38863 | Elf:3    | Found Puiloj's Distillery.
 38872 | Elf:3    | Bought a potion of enlightenment for 80 gold pieces
 38872 | Elf:3    | Bought a potion of cancellation for 128 gold pieces
 38959 | Elf:3    | Gained mutation: You have a pair of large horns on your
                  | head. [demonic ancestry]
 38959 | Elf:3    | Reached XP level 19. HP: 150/154 MP: 29/29
 39509 | Elf:3    | Identified the +1 great sword of the Shining Light
                  | {distort, *Rage rElec Int+2 Dex+2}
 39775 | Elf:3    | Noticed a Brimstone Fiend
 39911 | Elf:3    | Identified the amulet of Icanyasch {Reflect Str+2 Int+3
                  | SH+5}
 40848 | Elf:3    | Got Sif Muna's Tome of the Cumulonimbus and Elsewhere
 40852 | Elf:3    | Got the Dissertation on Freezing
 40895 | Elf:3    | Got the Compilation of Topological Formation
 41431 | Orc:2    | Bought the +1 pair of boots "Buleel" {rF+ Int+3 Dex-4 SInv}
                  | for 409 gold pieces
 41571 | Vaults:1 | Entered Level 1 of the Vaults
 42907 | Vaults:1 | Gained mutation: Your presence sometimes corrodes or
                  | deforms those you injure. [demonic ancestry]
 42907 | Vaults:1 | Reached XP level 20. HP: 146/161 MP: 30/30
 43342 | Vaults:2 | Identified the +2 robe of Ninunong {Stlth+}
 43470 | Vaults:2 | Reached skill level 15 in Shapeshifting
 44291 | Vaults:2 | Found a staircase to the Crypt.
 44468 | Vaults:2 | Found a runed translucent gate.
 44468 | Vaults:2 | Found a runed translucent gate.
 44468 | Vaults:2 | Found a runed translucent gate.
 44468 | Vaults:2 | Noticed Iniera's ghost (adept KoMo)
 44468 | Vaults:2 | Noticed Iluymox's ghost (adept KoBr)
 44469 | Vaults:2 | Noticed Pileu's ghost (adept DsFE)
 44469 | Vaults:2 | Noticed Ziugimmo's ghost (veteran AtMo)
 44956 | Crypt:1  | Entered Level 1 of the Crypt
 45530 | Crypt:1  | Identified the ring "Imaun" {Ice rElec rPois rCorr Stlth+}
 45530 | Crypt:1  | Noticed Josephina
 45538 | Crypt:1  | Killed Josephina
 45764 | Crypt:1  | Learned a level 2 spell: Lesser Beckoning
 46035 | Crypt:1  | Noticed a royal mummy
 46043 | Crypt:1  | Killed a royal mummy
 46044 | Crypt:1  | Reached skill level 1 in Translocations
 46347 | Crypt:1  | Noticed a royal mummy
 46353 | Crypt:1  | Killed a royal mummy
 46646 | Crypt:1  | Found the +7 sceptre of Torment {pain, torment}
 46711 | Crypt:1  | Noticed a royal mummy
 46715 | Crypt:1  | Killed a royal mummy
 47018 | Crypt:2  | Reached skill level 5 in Translocations
 47820 | Crypt:2  | Found a runed translucent gate.
 47821 | Crypt:2  | Found a runed translucent gate.
 47821 | Crypt:2  | Found a runed translucent gate.
 47821 | Crypt:2  | Noticed Omoexics's ghost (veteran DsGl)
 47821 | Crypt:2  | Noticed Gacleu's ghost (adept GrFi)
 47821 | Crypt:2  | Noticed Pimiptod's ghost (adept MiFi)
 48207 | Crypt:2  | Killed Pimiptod's ghost
 48447 | Crypt:2  | Killed Omoexics's ghost
 48462 | Crypt:2  | Killed Gacleu's ghost
 48691 | Crypt:2  | Identified the +2 cloak "Mopeocku" {rN+ rCorr}
 48801 | Crypt:3  | Entered Level 3 of the Crypt
 48818 | Crypt:3  | Reached XP level 21. HP: 158/168 MP: 29/31
 49294 | Crypt:3  | Reached skill level 10 in Translocations
 49712 | Crypt:3  | Noticed Margery
 49718 | Crypt:3  | Killed Margery
 50143 | Crypt:3  | Found a staircase to the Tomb.
 50282 | Crypt:3  | Noticed a profane servitor
 50288 | Crypt:3  | Noticed a royal mummy
 50292 | Crypt:3  | Killed a profane servitor
 50301 | Crypt:3  | Killed a royal mummy
 50579 | Crypt:3  | Found a basalt altar of Yredelemnul.
 50586 | Crypt:3  | Found an ancient bone altar of Kikubaaqudgha.
 50633 | Crypt:3  | Identified the +0 plate armour of the Tarantula {rC+ Str-3
                  | Int+4}
 50648 | Crypt:3  | Found the +5 scythe "Finisher" {speed, execute}
 50662 | Crypt:3  | Got the Compilation of Concussion and Orientation
 50668 | Crypt:3  | Learned a level 2 spell: Blink
 51017 | Vaults:3 | Reached skill level 1 in Spellcasting
 51045 | Vaults:3 | Found a magical portal.
 51054 | WizLab   | Entered Lehudib's Moon Base
 51091 | WizLab   | Found a transporter.
 51448 | WizLab   | Reached skill level 5 in Spellcasting
 52039 | WizLab   | Found a transporter.
 52153 | WizLab   | Identified the ring of Harmony {Fire rPois}
 52387 | WizLab   | Gained mutation: When low on magic, you restore magic in
                  | place of health. [demonic ancestry]
 52387 | WizLab   | Reached XP level 22. HP: 138/174 MP: 34/34
 52406 | WizLab   | Identified the amulet "Xog Uvuq" {rElec rF+ rC+ Regen+}
 52432 | WizLab   | Identified the +6 dagger "Counak" {flame, *Noise rPois rN+}
 52457 | WizLab   | Got Lehudib's Notes on the Mighty Xenolith
 54153 | Vaults:4 | Found Qilaejou's Antique Armour Shop.
 54827 | Vaults:4 | Bought a steaming buckler for 313 gold pieces
 54827 | Vaults:4 | Identified the +1 buckler "Zygeuzo" {rN+ SInv} (You bought
                  | it in a shop on level 4 of the Vaults)
 54827 | Vaults:4 | Bought a heavily runed leather armour for 231 gold pieces
 54827 | Vaults:4 | Identified the +1 leather armour of the Mango {Int+3} (You
                  | bought it in a shop on level 4 of the Vaults)
 55130 | Slime:1  | Entered Level 1 of the Pits of Slime
 55294 | Slime:2  | Gained mutation: Your spells are a little easier to cast,
                  | but a little less powerful. [a shining eye]
 56091 | Slime:5  | Entered Level 5 of the Pits of Slime
 56311 | Slime:5  | Reached skill level 19 in Unarmed Combat
 56401 | Slime:5  | Noticed the Royal Jelly
 56402 | Slime:5  | Found a viscous altar of Jiyva.
 56420 | Slime:5  | Killed the Royal Jelly
 56491 | Slime:5  | Got a slimy rune of Zot
 56521 | Slime:5  | Got the Vellum of the Kinetic Geologist
 56534 | Slime:5  | Identified the +4 chain mail of Tyceizos {rN++ rCorr MP+9
                  | Dex-4}
 56561 | Slime:5  | Identified the staff of Ambiguity {rElec rC+ Str-4 Int+3
                  | Air}
 56583 | Slime:5  | Identified the +1 cloak of Calculation {Int+3}
 56817 | D:14     | You showed the slimy rune of Zot to enter a treasure trove
 56818 | Trove    | Entered a treasure trove
 56952 | Depths:1 | Entered Level 1 of the Depths
 56978 | D:15     | Gained mutation: You can speak a Word of Chaos. [demonic
                  | ancestry]
 56978 | D:15     | Reached XP level 23. HP: 161/181 MP: 30/35
 57133 | Depths:1 | Reached skill level 20 in Unarmed Combat
 57257 | Depths:1 | You fall into a shaft and drop 1 floor!
 57257 | Depths:2 | Found a runed translucent door.
 57261 | Depths:2 | Found a runed translucent door.
 57516 | Depths:2 | Gained mutation: Your magical capacity is low. (-10% MP) [a
                  | neqoxec]
 57535 | Depths:2 | Found a one-way gate leading to the halls of Pandemonium.
 57685 | Depths:2 | Reached skill level 21 in Unarmed Combat
 57772 | Depths:2 | Got Synor's Atlas of Distance
 57909 | Depths:1 | Found a gateway to Hell.
 58573 | Depths:1 | Found a sacrificial altar of Ru.
 58722 | Depths:2 | Identified the ring of Neurosis {rElec Slay+4}
 59030 | Depths:3 | Reached skill level 22 in Unarmed Combat
 59205 | Depths:3 | Found Kirugenk's Jewellery Boutique.
 59212 | Depths:3 | Found Ryizywnuewo's Jewellery Boutique.
 59229 | Depths:3 | Found Dimexourgh's Book Shoppe.
 59235 | Depths:3 | Bought the ring "Ylogg" {Will++ MP+9 Str-5 Dex+5 SInv} for
                  | 1043 gold pieces
 59261 | Depths:3 | Learned a level 2 spell: Wereblood
 59287 | Depths:3 | Reached skill level 1 in Transmutations
 59346 | Depths:3 | Found a one-way gateway to a ziggurat.
 59471 | Depths:3 | Found Japt's Magic Scroll Shoppe.
 59476 | Depths:3 | Bought a scroll of blinking for 172 gold pieces
 59476 | Depths:3 | Bought a scroll of fear for 92 gold pieces
 59476 | Depths:3 | Bought a scroll of immolation for 92 gold pieces
 59937 | Depths:3 | Found a radiant altar of Vehumet.
 59937 | Depths:3 | Noticed Boris
 59947 | Depths:3 | Killed Boris
 60099 | Depths:3 | Reached XP level 24. HP: 189/189 MP: 31/31
 60105 | Depths:3 | Reached skill level 5 in Shields
 60330 | Depths:4 | Entered Level 4 of the Depths
 60516 | Depths:4 | Reached skill level 5 in Transmutations
 60738 | Depths:4 | Found a gate to the Realm of Zot.
 60875 | Depths:4 | Identified the -1 pair of gloves of Rationality {Str+2}
 62051 | Vaults:5 | Entered Level 5 of the Vaults
 62331 | Vaults:5 | Got a silver rune of Zot
 62333 | Vaults:5 | Identified the staff "Upualaic" {Fly rC+ Ice}
 62576 | Vaults:5 | Identified the ring "Lashriro" {rF- rN+ Will+ Dex+4}
 62763 | Vaults:5 | Got Suhuer's Tome of the Winter
 62782 | Vaults:5 | Identified the +6 quarterstaff of Doom {vamp, +Blink Str-3
                  | Int+5}
 62790 | Vaults:5 | Reached XP level 25. HP: 194/194 MP: 31/31
 62945 | Vaults:5 | Identified the staff "Feotil" {Str+3 Conj}
 62949 | Vaults:5 | Identified the +2 mace "Vunyel" {protect, Drain rElec
                  | Will++ Stlth+}
 63014 | Vaults:5 | Identified the +2 leather armour "Gelua" {rC- rN+ Str+4
                  | SInv}
 63327 | Vaults:5 | Noticed an ancient lich
 63336 | Vaults:5 | Killed an ancient lich
 64024 | Zot:1    | Entered Level 1 of the Realm of Zot
 64457 | Zot:1    | Reached skill level 23 in Unarmed Combat
 65377 | Zot:2    | Found a transporter.
 65584 | Zot:2    | Found a transporter.
 65584 | Zot:2    | Found the +12 glaive of Prune {freeze, Prune}
 65729 | Zot:2    | Reached skill level 24 in Unarmed Combat
 66387 | Zot:2    | Identified the ring of Eternal Night {rF+ Int+2}
 66407 | Zot:2    | Identified the ring "Muhiug" {Wiz rPois rC++ rCorr Str-5}
 66747 | Vaults:2 | Killed Ziugimmo's ghost
 66758 | Vaults:2 | Killed Iniera's ghost
 66762 | Vaults:2 | Killed Iluymox's ghost
 66764 | Vaults:2 | Killed Pileu's ghost
 66786 | Vaults:2 | Identified the +4 orcbow of Dithmenos's Hope {antimagic,
                  | rN++}
 67219 | Depths:3 | Voluntarily entered the Abyss.
 67219 | Abyss:1  | Found a corrupted altar of Lugonu.
 67394 | Abyss:2  | Found a corrupted altar of Lugonu.
 67508 | Abyss:3  | Reached skill level 25 in Unarmed Combat
 67520 | Abyss:3  | Found a corrupted altar of Lugonu.
 67629 | Abyss:5  | Reached XP level 26. HP: 190/202 MP: 31/31
 67821 | Abyss:5  | Got an abyssal rune of Zot
 67831 | Depths:3 | Escaped the Abyss
 68219 | Zot:3    | Reached skill level 26 in Unarmed Combat
 69323 | Zot:4    | Reached skill level 27 in Unarmed Combat
 69495 | Zot:4    | Identified the +2 lajatang of the Special Tusks {flame, rF+
                  | rN+ Str+2}
 69706 | Zot:4    | Found a runed translucent gate.
 69706 | Zot:4    | Found a runed translucent gate.
 69707 | Zot:4    | Found a runed translucent gate.
 69710 | Zot:4    | Noticed Shard1697's ghost (veteran DrSu)
 69872 | Zot:4    | Killed Shard1697's ghost
 69946 | Zot:5    | Entered Level 5 of the Realm of Zot
 69979 | Zot:5    | Identified a scroll of acquirement
 70004 | Zot:5    | Acquired the ring of Doet {+Blink rPois rF- MP+9 Dex+5}
 70025 | Zot:5    | Found a transporter.
 70050 | Zot:5    | Noticed Shard1697's ghost (veteran MeBe)
 70091 | Zot:5    | Reached XP level 27. HP: 218/218 MP: 31/31
 70130 | Zot:5    | Found a transporter.
 70133 | Zot:5    | Found the +1 cloak of Starlight {*Dazzle EV+4 Stlth--}
 70249 | Zot:5    | Noticed an orb of fire
 70252 | Zot:5    | Noticed a dread lich
 70253 | Zot:5    | Noticed an orb of fire
 70256 | Zot:5    | Noticed an orb of fire
 70258 | Zot:5    | Killed an orb of fire
 70258 | Zot:5    | Noticed a dread lich
 70261 | Zot:5    | Noticed a dread lich
 70262 | Zot:5    | Noticed an orb of fire
 70264 | Zot:5    | Killed an orb of fire
 70268 | Zot:5    | Killed an orb of fire
 70272 | Zot:5    | Killed a dread lich
 70274 | Zot:5    | Noticed an ancient lich
 70276 | Zot:5    | Killed an orb of fire
 70281 | Zot:5    | Killed a dread lich
 70282 | Zot:5    | Reached skill level 15 in Fighting
 70283 | Zot:5    | Killed a dread lich
 70284 | Zot:5    | Noticed an ancient lich
 70289 | Zot:5    | Killed an ancient lich
 70292 | Zot:5    | Killed an ancient lich
 70423 | Zot:5    | Noticed an orb of fire
 70578 | Zot:5    | Got the Orb of Zot
 70792 | Depths:1 | Gained mutation: Your spells are easier to cast, but less
                  | powerful. [a cacodemon]
 70796 | Depths:1 | Gained mutation: You have hidden genetic defects. [a
                  | cacodemon]
 70809 | Depths:1 | Noticed Doiguon the pandemonium lord
 70903 | D:12     | Noticed Zoiss the pandemonium lord
 71139 | D:$      | Escaped with the Orb!

Illustrated notes

Levels and vault maps discovered:
D:1:      beargit_arrival_diablo_church, layout_basic
D:2:      layout_rooms, minmay_pentomino_t4
D:3:      layout_basic
D:4:      layout_basic, uniq_sigmund, uniq_robin
D:5:      layout_basic, lemuel_crystal_altar, item_on_display_a
D:6:      layout_basic, minmay_temple_entry_glass, grunt_ministairs_7,
          grunt_decor_clamped
D:7:      layout_gridville, nzn_hepliaklqana_mist_gate,
          corexii_leaking_fountain, mrwooster_statue_mirror, kennysheep_path_1,
          columned_hall_lemuel, uniq_menkaure
D:8:      layout_rooms, serial_rivers, chequers_serial_rivers_large_a,
          chequers_serial_rivers_small_b, chequers_serial_rivers_large_b,
          chequers_serial_rivers_micro_d, chequers_serial_rivers_micro_e,
          chequers_serial_rivers_marsh, minmay_mini_ossuary
D:9:      layout_rooms, orc_0_dummy, serial_shops, nicolae_shop_rolling_square,
          grunt_ministairs_10, due_unseen_surprise, uniq_grum
D:10:     layout_irregular_city, roderic_batcave
D:11:     layout_rooms, hellmonk_lair_entry_icy
D:12:     layout_loops_ring
D:13:     layout_basic, david_vaults_2, nicolae_uskayaw_suspiria
D:14:     layout_rooms, nicolae_trove_entry_path_of_doom,
          nicolae_dithmenos_through_a_glass_darkly
D:15:     grunt_enter_depths_magical_seal, layout_long_grid,
          nicolae_water_bricks, minivault_27
Temple:   nicolae_temple_bog_church
Lair:1:   layout_cave_pods, gauntlet_entry_generic,
          nicolae_volcano_entry_s_turn, beast_lair_carwin_9, uniq_joseph
Lair:2:   layout_loops_ring, skrybe_swamp_entry_bodies,
          spider_nest_entry_funnel_web
Lair:3:   layout_long_grid
Lair:4:   nzn_winding_woodlands_medium [nzn_winding_woodlands_hourglass,
          nzn_winding_woodlands_5x15_default,
          nzn_winding_woodlands_5x5_checkerboard,
          nzn_winding_woodlands_5x5_three,
          nzn_winding_woodlands_center_pierced_h,
          nzn_winding_woodlands_5x5_open_star,
          nzn_winding_woodlands_5x5_perimeter,
          nzn_winding_woodlands_5x15_garden, nzn_winding_woodlands_5x5_default],
          layout_regular_city, slime_entry_1
Lair:5:   cheibrodos_lair_end_hotspot, layout_layer_cave, st_stairs_5,
          amcnicky_altar_lugonu_corruption, uniq_snorg, uniq_nessos
Swamp:1:  nicolae_swamp_long_stream, layout_basic_swamp,
          evilmike_swamp_ruin_house_2, uniq_louise
Swamp:2:  gammafunk_mikee_crab_dinner, layout_basic_swamp,
          nicolae_swamp_dense_foliage, infiniplex_staircase_pool
Swamp:3:  layout_basic_swamp, evilmike_swamp_ruin_house_1, swamp_pool1
Swamp:4:  swamp_fiery, layout_basic_swamp, swamp_pool1,
          nicolae_swamp_fairy_circle, nicolae_swamp_bean_lake
Spider:1: layout_spider_delve
Spider:2: layout_cave_pods
Spider:3: layout_spider_delve, drop_trap
Spider:4: grunt_spider_rune_circles
Slime:1:  layout_caves
Slime:2:  layout_caves
Slime:3:  layout_caves
Slime:4:  layout_caves
Slime:5:  slime_pit
Orc:1:    layout_caves, basic_altar, serial_shops,
          nicolae_shop_tiny_real_fake_doors, uniq_fannar, uniq_harold,
          uniq_maurice
Orc:2:    st_orc_elflike, layout_caves, mines5_lemuel
Elf:1:    layout_geoelf_diagonals, hangedman_elf_represent
Elf:2:    elven_hall_of_blades_hangedman_original [nicolae_blade_little_rooms],
          layout_gridlike
Elf:3:    grunt_elf_hall_spiral, layout_loops_corners, serial_shops, shop,
          wad_floor_pattern_untrapped
Vaults:1: vaults_room_boxed, nicolae_vaults_wrenched, nicolae_vaults_big_ls,
          nicolae_vaults_circle_grid_a, vaults_room_grunt_arrival_ludios,
          v_misc_5, nicolae_vaults_border_crossing, vaults_dpeg_ring,
          layout_vaults_quadrants
Vaults:2: gammafunk_ghost_cemetery, vaults_room_large_hall,
          nicolae_vaults_apartment_2, v_alt_pattern_4, hangedman_vaults_nails,
          v_misc_22, vaults_room_pool, ontoclasm_vaults_ring_small,
          nicolae_vaults_tetromino_T_1, grunt_vaults_focal,
          nicolae_vaults_surprise_closet_hard, vaults_room_semicircle,
          minmay_crypt_entry_skeletal_spiral, layout_vaults_chaotic_city
Vaults:3: mu_enter_wizlab_2, hangedman_vaults_locks, vaults_room_hallway,
          vaults_dpeg_encased_lava, nicolae_vaults_surprise_closet,
          hangedman_vaults_pinch, ontoclasm_vaults_claustrophobia,
          nicolae_vaults_hallways_thing, nicolae_vaults_trapezoid_1,
          nicolae_vaults_network_square, v_pattern_5, ontoclasm_vaults_shuriken,
          vaults_dpeg_emergency_exit, layout_vaults_maze_bifur
Vaults:4: v_rooms_2, hangedman_vaults_river_flow, grunt_vaults_trifunnel,
          vaults_room_corners, v_misc_14, v_alt_pattern_2,
          nicolae_vaults_tetromino_Z_2, nicolae_vaults_offset_grid_hallway_3,
          v_misc_15, v_misc_27, v_misc_16, nicolae_vaults_double_plus_1,
          v_alt_pattern_4, nicolae_vaults_tetromino_Z_1,
          layout_vaults_omnicross, serial_shops,
          nicolae_shop_tiny_real_fake_doors
Vaults:5
Crypt:1:  minmay_guarded_unrand_sceptre_of_torment, layout_rooms,
          minmay_misc_feat_pillars, small_statue_intersection,
          grunt_crypt_arrival_guarded_gate, uniq_josephina
Crypt:2:  layout_chaotic_city, gammafunk_ghost_cemetery
Crypt:3:  lightli_unholy_cathedral, layout_chaotic_city,
          nicolae_tomb_entry_unfolded_pyramid_orthogonal,
          nicolae_crypt_ancient_font, uniq_margery
Depths:1: layout_honeycomb, hell_entry, rand_demon_pan_entry_8,
          minmay_misc_feat_plants, nicolae_ru_great_annihilating_truth,
          grunt_megastairs_1
Depths:2: thingy_vault_2, layout_cross, rand_demon_pan_entry_5,
          chequers_serial_rivers_marsh, hell_entry, grunt_megastairs_2,
          infiniplex_staircase_pool_2, serial_bayou_shore_b
Depths:3: evilmike_halls_of_destruction, layout_cave_pools, enter_ziggurat_e,
          abyss_entry, serial_bayou_pond_c, serial_shops,
          nicolae_shop_hallway_stairs, hell_entry, nicolae_keep_em_comin,
          infiniplex_staircase_zigzag_4, minmay_shop_grove
Depths:4: grunt_crosshair, layout_basic, chequers_serial_rivers_room_b,
          hell_entry, nicolae_figureground_pulse
Zot:1:    kennysheep_room_grid, layout_cathedral_of_symmetry
Zot:2:    gammafunk_dig_for_victory, layout_gridlike
Zot:3:    layout_gridlike, lemuel_elevator
Zot:4:    cheibrodos_zot_enchanting_chambers, layout_basic,
          gammafunk_ghost_ooze, guppyfry_library_mini
Zot:5:    layout_basic, gammafunk_ghost_berserking_beasts

Skill      XL: |  1  2  3  4  5  6  7  8  9 10 11 12 13 14 15 16 17 18 19 20 21 22 23 24 25 26 27 |
---------------+----------------------------------------------------------------------------------+-----
Maces & Flails | 2 3 |  3.4
Unarmed Combat | 1 3 4 8 9 11 15 16 18 19 22 25 27 | 27.0
Shapeshifting  | 1 3 5 8 10 12 14 16 17 18 20 21 | 21.0
Ice Magic      | 5 |  5.0
Invocations    | 9 14 | 14.2
Dodging        | 3 9 10 15 16 | 16.6
Fighting       | 6 10 12 18 | 18.4
Armour         | 8 10 | 10.5
Translocations | 8 10 | 10.1
Spellcasting   | 8 |  8.1
Transmutations | 4 7 |  7.1
Shields        | 4 5 |  5.7

Action                     |  1- 3 |  4- 6 |  7- 9 | 10-12 | 13-15 | 16-18 | 19-21 | 22-24 | 25-27 || total
---------------------------+-------+-------+-------+-------+-------+-------+-------+-------+-------++-------
  Melee: Flail             |   156 |   209 |   294 |    43 |       |       |       |       |       ||   702
         Kick              |       |     2 |    72 |    90 |   212 |   304 |       |   572 |   470 ||  1722
         Headbutt          |       |       |    71 |   103 |   171 |   232 |   316 |   368 |   304 ||  1565
         Unarmed           |       |       |       |   305 |   685 |   859 |  1066 |  1102 |   938 ||  4955
         Maw               |       |       |       |    67 |       |       |       |       |       ||    67
         Punch             |       |       |       |       |    12 |    11 |   172 |   185 |   210 ||   590
   Fire: Sling             |       |     3 |    19 |    19 |       |       |       |       |       ||    41
  Throw: Stone             |       |       |       |    11 |    59 |    35 |       |       |       ||   105
   Cast: Frozen Ramparts   |       |       |       |    18 |    34 |       |     1 |     1 |       ||    54
         Blink             |       |       |       |       |       |       |     1 |    22 |     6 ||    29
         Lesser Beckoning  |       |       |       |       |       |       |     1 |     5 |    14 ||    20
         Wereblood         |       |       |       |       |       |       |       |    10 |    13 ||    23
 Invoke: Slouch            |       |       |       |     3 |     8 |    15 |     7 |     7 |     6 ||    46
         Temporal Distorti |       |       |       |       |     5 |    10 |    11 |     6 |     5 ||    37
         Bend Time         |       |       |       |       |       |     1 |     4 |       |       ||     5
         Step From Time    |       |       |       |       |       |     1 |       |       |     1 ||     2
Ability: Begin Untransform |       |       |     1 |     1 |     1 |     2 |       |     4 |       ||     9
  Evoke: Wand              |       |       |     6 |    10 |     3 |    24 |     1 |       |     4 ||    48
         Lightning rod     |       |       |       |       |     3 |       |     2 |     1 |       ||     6
    Use: Potion            |     2 |     7 |     2 |     2 |       |     4 |     2 |     7 |     3 ||    29
         Scroll            |     3 |     7 |    10 |    10 |     7 |     8 |     8 |     6 |    11 ||    70
   Stab: Sleeping          |       |     3 |     6 |     3 |    16 |    29 |    23 |    24 |    22 ||   126
         Distracted        |       |       |       |       |     3 |     4 |     6 |     4 |     6 ||    23
         Paralysed         |       |       |       |       |       |     2 |       |     1 |       ||     3
         Petrifying        |       |       |       |       |       |     1 |       |       |       ||     1
         Invisible         |       |       |       |       |       |     7 |       |       |     4 ||    11
 Armour: Scale mail        |    75 |    16 |       |       |     4 |     5 |       |       |       ||   100
         Ring mail         |       |    71 |    36 |     2 |    37 |     5 |    81 |    41 |       ||   273
         Skin              |       |    21 |       |    27 |       |       |       |       |       ||    48
         Steam dragon scal |       |       |    23 |       |       |       |       |       |       ||    23
         Leather armour    |       |       |    23 |    10 |    12 |    24 |       |       |       ||    69
         Plate armour      |       |       |       |       |       |    52 |       |       |       ||    52
         Troll leather arm |       |       |       |       |       |       |       |    32 |    96 ||   128
  Dodge: Dodged            |    88 |   112 |   111 |   169 |   446 |   704 |   907 |  1097 |  1124 ||  4758
         Repelled          |       |       |       |       |       |     7 |    11 |       |       ||    18
  Block: Buckler           |    31 |    44 |   129 |   184 |   303 |   411 |       |    47 |       ||  1149
         Other             |       |       |       |       |    14 |    20 |    97 |   136 |   120 ||   387
   Form: Maw               |       |       |     1 |     2 |     1 |       |       |       |       ||     4
         Beast             |       |       |     1 |     2 |     3 |     2 |       |     2 |       ||    10
         Blade             |       |       |       |       |     3 |     1 |       |     4 |       ||     8
         Statue            |       |       |       |       |       |       |       |     1 |       ||     1

Table legend: (Time is in decaauts)
 A = Elapsed time spent in this place.
 B = Non-inter-level travel time spent in this place.
 C = Inter-level travel time spent in this place.
 D = Time resting spent in this place.
 E = Time spent auto-exploring this place.
 F = Levels seen in this place.
 G = Mean time per level.
                   A        B        C        D        E       F      G
               +--------+--------+--------+--------+--------+-----+--------+
         Total | 106198 |  93032 |  13166 |  11761 |  57723 |  64 | 1659.3 |
       Dungeon |  23391 |  19908 |   3483 |   2712 |  12712 |  15 | 1559.4 |
        Temple |     80 |     65 |     15 |      0 |     45 |   1 |   80.0 |
          Lair |  13843 |  11879 |   1964 |   2109 |   7223 |   5 | 2768.6 |
         Swamp |   6666 |   6273 |    393 |    818 |   4278 |   4 | 1666.5 |
   Spider Nest |   7479 |   7208 |    271 |    804 |   4928 |   4 | 1869.8 |
    Slime Pits |    993 |    920 |     73 |    304 |     16 |   5 |  198.6 |
  Orcish Mines |   2477 |   2057 |    420 |    296 |   1339 |   2 | 1238.5 |
   Elven Halls |   7385 |   6829 |    556 |   1472 |   3678 |   3 | 2461.7 |
        Vaults |  14311 |  12200 |   2111 |    523 |   8627 |   5 | 2862.2 |
         Crypt |   7850 |   6901 |    949 |   1541 |   4049 |   3 | 2616.7 |
        Depths |   8953 |   7105 |   1848 |    356 |   4711 |   4 | 2238.2 |
           Zot |   8960 |   7881 |   1079 |    265 |   5277 |   5 | 1792.0 |
         Abyss |    915 |    915 |      0 |      0 |     48 |   5 |  183.0 |
         Trove |     98 |     98 |      0 |      0 |      0 |   1 |   98.0 |
       Volcano |    616 |    616 |      0 |    255 |      0 |   1 |  616.0 |
        Wizlab |   2175 |   2175 |      0 |    304 |    787 |   1 | 2175.0 |
               +--------+--------+--------+--------+--------+-----+--------+

Top non-repeatable levels by time:
  Lair:5: 4333 daAuts
Vaults:2: 3899 daAuts
    D:13: 3329 daAuts
   Elf:3: 3078 daAuts
Vaults:1: 3074 daAuts
   Elf:2: 2922 daAuts
Vaults:5: 2777 daAuts
  Lair:2: 2757 daAuts
Depths:3: 2723 daAuts
  Lair:4: 2686 daAuts
 Crypt:2: 2655 daAuts
Vaults:4: 2649 daAuts
 Crypt:3: 2638 daAuts
 Crypt:1: 2556 daAuts
    D:15: 2513 daAuts
